 Dungeon Crawl Stone Soup version 0.31.0-10-gcf4a605ca0 (webtiles) character file.

Game seed: 3511759966908897364

1087 Zeor the Trooper (level 8, -7/48 HPs)
             Began as a Gargoyle Reaver on Jan 25, 2024.
             Was an Initiate of Vehumet.
             Mangled by Maurice
             ... wielding a +0 short sword
              (12 damage)
             ... on level 7 of the Dungeon.
             The game lasted 00:20:20 (5086 turns).

Zeor the Trooper (Gargoyle Reaver)                  Turns: 5086, Time: 00:20:21

Health: -7/48      AC:  0    Str: 16    XL:     8   Next: 30%
Magic:  1/14       EV: 14    Int: 14    God:    Vehumet [......]
Gold:   0          SH:  0    Dex: 10    Spells: 7/15 levels left

rFire   . . .        a - melded +7 hammer of Truncation {flame, rC- rCorr Int+7 Stlth+}
rCold   . . .        (shield currently unavailable)
rNeg    + . .        p - melded +1 ring mail {rC+}
rPois   ∞            (helmet currently unavailable)
rElec   .            f - melded +1 cloak {Stlth+}
rCorr   .            (gloves currently unavailable)
SInv    .            (boots currently unavailable)
Will    .....        (no amulet)
Stlth   ++           g - melded ring of magical power
HPRegen 0.28/turn    (ring currently unavailable)
MPRegen 0.14/turn

%: no passive effects
@: pig-form, very quick
A: fast, no casting, sickness immunity, AC +5, small, negative energy resistance
1, (electricity resistance), torment resistance 1, petrification resistance
a: Renounce Religion


You were on level 7 of the Dungeon.
You worshipped Vehumet.
Vehumet was noncommittal.
You were a filthy swine.
You visited 2 branches of the dungeon, and saw 8 of its levels.

Inventory:

Hand Weapons
 a - the +7 hammer of Truncation (melded) {flame, rC- rCorr Int+7 Stlth+}
   (You found it on level 4 of the Dungeon)

   Int+7:     It affects your intelligence (+7).
   rC-:       It makes you vulnerable to cold.
   rCorr:     It protects you from acid and corrosion.
   Stlth+:    It makes you more stealthy.
 h - a +0 short sword of holy wrath
 n - a +4 quarterstaff of chaos
 t - the +7 battleaxe "Nih Zex" {heavy, rPois Dex+4}
   (You found it on level 6 of the Dungeon)

   Dex+4:     It affects your dexterity (+4).
   rPois:     It protects you from poison
Armour
 f - a +1 cloak of stealth (melded)
 i - a +0 leather armour
 j - the +1 leather armour "Fafiorira" {rN++ rCorr Int-3}
   (You found it on level 4 of the Dungeon)

   Int-3:     It affects your intelligence (-3).
   rN++:      It greatly protects you from negative energy.
   rCorr:     It protects you from acid and corrosion.
 p - a +1 ring mail of cold resistance (melded)
Magical Staves
 b - a staff of cold
 d - a staff of conjuration
Jewellery
 g - a ring of magical power (melded)
Wands
 s - a wand of flame (4)
Scrolls
 q - a scroll of enchant armour {unknown}
Potions
 e - 3 potions of curing
 k - a potion of brilliance
 r - 2 potions of berserk rage {unknown}


   Skills:
 * Level 4.4 Fighting
 + Level 4.3 Long Blades
 * Level 2.3(2.5) Maces & Flails
 + Level 1.2(2.0) Staves
 * Level 4.0 Armour
 + Level 2.8 Dodging
 + Level 1.9 Stealth
 * Level 4.3 Spellcasting
 + Level 3.8 Conjurations
 + Level 0.4 Translocations
 + Level 1.0 Ice Magic


You had 7 spell levels left.
You knew the following spells:

 Your Spells              Type           Power      Damage    Failure   Level
h - Hailstorm             Conj/Ice       9%         3d6       21%         3
k - Kiss of Death         Conj/Necr      32%        2d7       9%          1
r - Searing Ray           Conj           26%        2d5       6%          2
s - Momentum Strike       Conj/Tloc      18%        3d8       12%         2

Your spell library contained the following spells:

 Spells                   Type           Power      Damage    Failure   Level
 Magic Dart               Conj           52%        1d5       3%          1
 Sting                    Conj/Alch      32%        1d5       9%          1
 Apportation              Tloc           8%         N/A       16%         1
 Necrotise                Necr           12%        1d4       19%         1
 Summon Small Mammal      Summ           12%        N/A       19%         1
 Gell's Gravitas          Tloc           4%         N/A       43%         3
 Teleport Other           Tloc           4%         N/A       43%         3
 Fulminant Prism          Conj/Alch      4%         3d5       63%         4
 Dispersal                Tloc           2%         N/A       100%        6


Dungeon Overview and Level Annotations

Branches:
Dungeon (7/15)             Temple (1/1) D:6

Altars:
Ashenzari
Cheibriados
Dithmenos
Elyvilon
Gozag
Hepliaklqana
Kikubaaqudgha
Nemelex Xobeh
Ru
Sif Muna
Uskayaw
Vehumet
Wu Jian
Xom
Yredelemnul
The Shining One

Shops:
D:6 :

Annotations:
D:7 Maurice


Innate Abilities, Weirdness & Mutations

You are a filthy swine.
You move quickly.
Your equipment is almost entirely melded.
You are incapable of wielding weapons or throwing items.
You cannot cast spells.
You are immune to sickness and miasma.
((Your stone body is resilient. (AC +5)))
You are immune to poison.
You resist negative energy. (rN+)
((You are resistant to electric shocks. (rElec)))
You are resistant to unholy torment.
You are immune to petrification.


Message History

The sky beast closely misses you.
You hear a zap.
Deactivating autopickup; reactivate with Ctrl-A.
Something tries to affect you, but you resist.
You hit the sky beast. You burn the sky beast.
The sky beast is almost dead.
The sky beast hits you but does no damage.
The sky beast hits you. The sky beast shocks you. You resist.
You hear a zap.
Something tries to affect you, but you resist.
You sock the sky beast! You burn the sky beast.
You kill the sky beast!
Vehumet accepts your kill.
You hear a zap.
Something tries to affect you, but you resist.
Your Maces & Flails skill increases to level 2!
Your Armour skill increases to level 4!
You hear a zap.
You turn into a filthy swine.
The +7 hammer of Truncation {flame, rC- rCorr Int+7 Stlth+} melds into your body.
Your +1 cloak of stealth melds into your body.
Your +1 ring mail of cold resistance melds into your body.
Your ring of magical power melds into your body.
The +7 hammer of Truncation {flame, rC- rCorr Int+7 Stlth+} stops flaming.
You feel less stealthy.
You feel less resistant to cold.
You feel your magic capacity decrease.
Things that are here:
a +0 club; a sky beast corpse; a gnoll corpse Something hits you.
Something grunts, "Curses!"
Something bites you. Something drains your magic. Something hits you!
* * * LOW HITPOINT WARNING * * *
Something mutters, "Now where did you hide it?"
Something bites you.
* * * LOW HITPOINT WARNING * * *
Something drains your magic.
There is an escape hatch in the ceiling here.
Something hits you!
You die... ∙▒▒∙∙∙ ▒▒∙∙▒▒ ∙∙∙< ∙∙∙∙∙∙

▒▒<∙∙∙▒∙∙∙∙∙
∙∙∙∙∙▒▒∙∙∙∙∙∙∙∙∙∙∙ ∙
▒∙∙∙∙∙∙∙∙∙∙∙∙∙∙▒ ∙∙
▒∙∙▒∙∙∙∙∙∙∙∙∙∙∙▒
∙∙∙▒▒∙▒▒▒∙)[)∙∙∙∙∙∙▒
∙∙∙∙∙∙∙∙▒∙∙∙)∙∙∙∙∙∙∙∙
∙∙∙∙∙∙∙∙∙∙∙∙∙∙▒∙∙∙∙∙∙
∙∙∙▒▒∙h{∙∙∙∙∙∙∙∙∙∙∙▒
▒∙∙∙∙∙∙∙∙∙∙∙∙∙$∙∙


∙∙∙∙∙∙∙∙∙∙∙∙∙∙∙∙∙∙∙ ∙∙∙∙∙∙∙∙∙∙∙∙∙∙∙∙∙∙∙ ∙∙∙∙∙▒∙∙∙∙∙∙∙∙∙∙∙∙∙ ▒∙∙∙▒▒∙∙∙∙∙∙∙∙∙▒∙
∙∙∙∙ ∙∙∙∙∙∙∙∙∙∙▒ ∙∙∙ ▒▒▒∙∙∙∙∙∙∙ There were no monsters in sight!

Vanquished Creatures
  A fire bat (D:6)
  A water moccasin (D:6)
  2 sky beasts
  A scorpion (D:3)
  A jelly (D:6)
  A bombardier beetle (D:6)
  2 orc priests (D:6)
  Crazy Yiuf (D:4)
  A gnoll bouda (D:7)
  3 hounds
  3 orc wizards
  9 gnolls
  7 adders
  6 dart slugs
  2 ribbon worms
  15 orcs
  4 bats
  7 endoplasms
  6 giant cockroaches
  11 goblins
  5 hobgoblins
  4 jackals (D:3)
  9 kobolds
  A quokka (D:2)
  5 ball pythons
  2 frilled lizards
  2 rats (D:1)
112 creatures vanquished.

Notes
Turn   | Place    | Note
-------+----------+-------------------------------------------
     0 | D:1      | Zeor the Gargoyle Reaver began the quest for the Orb.
     0 | D:1      | Reached XP level 1. HP: 12/12 MP: 3/3
    88 | D:1      | Reached XP level 2. HP: 17/17 MP: 5/5
   269 | D:1      | Reached XP level 3. HP: 13/22 MP: 6/6
   311 | D:1      | Learned a level 2 spell: Momentum Strike
   315 | D:1      | Learned a level 3 spell: Hailstorm
   983 | D:2      | Reached XP level 4. HP: 27/27 MP: 4/7
  1842 | D:3      | Found a broken altar of Ashenzari.
  1956 | D:3      | Found an ancient bone altar of Kikubaaqudgha.
  2054 | D:3      | Reached skill level 1 in Stealth
  2268 | D:3      | Found an opulent altar of Gozag.
  2271 | D:3      | Noticed a scorpion
  2305 | D:3      | Found a hazy altar of Hepliaklqana.
  2323 | D:3      | Killed a scorpion
  2324 | D:3      | Reached XP level 5. HP: 25/31 MP: 8/10
  2953 | D:4      | Reached skill level 1 in Armour
  3043 | D:4      | Identified the +1 leather armour "Fafiorira" {rN++ rCorr
                  | Int-3}
  3272 | D:4      | Reached XP level 6. HP: 34/36 MP: 11/11
  3419 | D:4      | Found a runed translucent door.
  3419 | D:4      | Identified the +7 hammer of Truncation {flame, rC- rCorr
                  | Int+7 Stlth+}
  3421 | D:4      | Noticed Crazy Yiuf
  3585 | D:4      | Killed Crazy Yiuf
  3592 | D:4      | Identified the +0 hammer of Death {freeze, rElec rF- rC+
                  | Int+4}
  3710 | D:5      | Entered Level 5 of the Dungeon
  3717 | D:5      | Reached skill level 1 in Staves
  3982 | D:6      | Reached XP level 7. HP: 10/41 MP: 12/12
  4105 | D:6      | Found a staircase to the Ecumenical Temple.
  4123 | Temple   | Entered the Ecumenical Temple
  4178 | Temple   | Became a worshipper of Vehumet
  4230 | D:6      | Found Qargh's Book Emporium.
  4269 | D:6      | Learned a level 2 spell: Searing Ray
  4306 | D:6      | Found a shimmering blue altar of Sif Muna.
  4602 | D:6      | Found a shimmering altar of Xom.
  4603 | D:6      | Noticed a fire bat
  4607 | D:6      | Killed a fire bat
  4608 | D:6      | Reached skill level 1 in Maces & Flails
  4608 | D:6      | Reached XP level 8. HP: 34/48 MP: 14/14
  4619 | D:6      | Reached skill level 1 in Ice Magic
  4625 | D:6      | Identified the +7 battleaxe "Nih Zex" {heavy, rPois Dex+4}
  5048 | D:7      | Noticed Maurice
  5060 | D:7      | Maurice stole a +2 falchion of flaming
  5068 | D:7      | Maurice stole a serpent talisman
  5070 | D:7      | Something stole 278 gold
  5086 | D:7      | Mangled by Maurice

Illustrated notes

Levels and vault maps discovered:
D:1:      dpeg_arrival_fog, layout_rooms
D:2:      layout_loops_ring, kennysheep_doodads
D:3:      minmay_door_path, layout_loops_cross,
          mainiacjoe_overflow_small_starburst, general_overflow_altar,
          mainiacjoe_overflow_concentric_impassable,
          nicolae_overflow_crystal_walls, minmay_splitting_lines
D:4:      layout_cave_pools, uniq_crazy_yiuf_cottage
D:5:      kennysheep_slugbush, layout_basic, zin_scriptorium,
          fedhas_altar_decomposition, corexii_shack, grunt_decor_fettered
D:6:      layout_loops_cross, regret_index_xom_of_box, lemuel_tele_altar,
          minmay_temple_entry_glass, serial_shops, shop
D:7:      layout_cave_pools, mainiacjoe_overflow_six_doors_small, uniq_maurice
Temple:   nicolae_temple_two_arcs

Skill      XL: |  1  2  3  4  5  6  7  8 |
---------------+-------------------------+-----
Long Blades    | 3 4 |  4.3
Stealth        | 1 |  1.9
Spellcasting   | 3 4 |  4.3
Armour         | 1 2 3 4 |  4.0
Fighting       | 3 4 |  4.4
Staves         | 1 |  1.2
Dodging        | 2 |  2.8
Maces & Flails | 1 2 |  2.3
Ice Magic      | 1 |  1.0
Conjurations   | |  3.8
Translocations | |  0.4

Action                     |  1- 3 |  4- 6 |  7- 9 || total
---------------------------+-------+-------+-------++-------
  Melee: Falchion          |   122 |   195 |       ||   317
         Punch             |       |     3 |       ||     3
         Quarterstaff      |       |    18 |       ||    18
         Mace              |       |       |    65 ||    65
   Cast: Momentum Strike   |     8 |    13 |     1 ||    22
         Kiss of Death     |       |     2 |       ||     2
         Hailstorm         |       |     1 |     2 ||     3
         Searing Ray       |       |       |     2 ||     2
    Use: Scroll            |       |    12 |       ||    12
         Potion            |       |     2 |     1 ||     3
   Stab: Sleeping          |       |     8 |     2 ||    10
         Distracted        |       |     1 |       ||     1
 Armour: Leather armour    |    72 |   191 |       ||   263
         Ring mail         |       |    38 |    90 ||   128
         Skin              |       |       |     5 ||     5
  Dodge: Dodged            |    63 |   174 |    42 ||   279
